 Dungeon Crawl Stone Soup version 0.30-a0-1059-g7dea3e163d (webtiles) character file.

Game seed: 5532489212718608109

14841 dluga93 the Thaumaturge (level 12, 0/72 HPs)
             Began as an Octopode Fire Elementalist on Apr 12, 2023.
             Slain by a vampire mosquito (10 damage)
             ... on level 2 of the Lair of Beasts.
             The game lasted 00:45:14 (13648 turns).

dluga93 the Thaumaturge (OpFE)                     Turns: 13648, Time: 00:45:15

Health: 0/72       AC:  1    Str:  8    XL:     12   Next: 20%
Magic:  0/26       EV: 19    Int: 23    God:
Gold:   653        SH:  7    Dex: 14    Spells: 15/32 levels left

rFire   + . .      SeeInvis .    q - +3 dagger (vamp)
rCold   x . .      Faith    .    G - +2 buckler "Dutull" {Int+3}
rNeg    . . .      Spirit   +    (helmet restricted)
rPois   .          Reflect  .    p - amulet of guardian spirit
rElec   .          Rampage  .    i - +5 ring of evasion
rCorr   .                        B - ring of fire
Will    .....                    (no ring)
Stlth   ++++                     (no ring)
HPRegen 0.32/turn                (no ring)
MPRegen 0.20/turn                (no ring)
                                 (no ring)
                                 (no ring)

@: no status effects
A: almost no armour, amphibious, 8 rings, camouflage 1, gelatinous body 1,
(nimble swimmer 1), tentacles
a: no special abilities


You were on level 2 of the Lair of Beasts.
You visited 2 branches of the dungeon, and saw 13 of its levels.

You collected 653 gold pieces.

Inventory:

Hand Weapons
 e - a +1 dagger
 q - a +3 vampiric dagger (weapon)
 s - a +0 falchion of holy wrath
 w - a +2 short sword of draining
 z - a +0 short sword of venom
 C - a +3 dagger of freezing
Armour
 E - a +2 buckler of reflection
 G - the +2 buckler "Dutull" (worn) {Int+3}
   (You acquired it on level 11 of the Dungeon)

   Int:       It affects your intelligence (+3).
Jewellery
 i - a +5 ring of evasion (left tentacle)
 n - an amulet of faith
 p - an amulet of guardian spirit (around mantle)
 y - an amulet of regeneration
 B - a ring of fire (right tentacle)
 F - a ring of ice
Wands
 t - a wand of flame (32)
 v - a wand of quicksilver (11)
 A - a wand of roots (9)
 H - a wand of mindburst (7)
Scrolls
 f - 4 scrolls of teleportation
 u - 4 scrolls of magic mapping
 D - a scroll of enchant weapon
Potions
 a - a potion of magic
 b - a potion of berserk rage
 d - 6 potions of lignification
 g - 2 potions of flight
 h - 3 potions of mutation
 j - 2 potions of resistance
 k - a potion of haste
 l - a potion of might
 m - 2 potions of attraction
 r - a potion of ambrosia {unknown}
 x - 3 potions of degeneration {unknown}


   Skills:
 + Level 3.3 Fighting
 + Level 4.6 Short Blades
 + Level 5.2 Dodging
 + Level 5.3 Stealth
 + Level 3.0 Shields
 + Level 0.1 Unarmed Combat
 + Level 10.9 Spellcasting
 + Level 7.7 Conjurations
 + Level 0.4 Hexes
 + Level 10.8 Fire Magic


You had 15 spell levels left.
You knew the following spells:

 Your Spells              Type           Power      Damage    Failure   Level
a - Foxfire               Conj/Fire      100%       2x1d9     1%          1
b - Scorch                Fire           100%       2d9       1%          2
c - Inner Flame           Hex/Fire       55%        N/A       1%          3
d - Enfeeble              Hex            7%         N/A       100%        7
e - Anguish               Hex/Necr       6%         N/A       52%         4

Your spell library contained the following spells:

 Spells                   Type           Power      Damage    Failure   Level
 Kiss of Death            Conj/Necr      100%       2d13      1%          1
 Flame Wave               Conj/Fire      70%        2d16      1%          4
 Volatile Blastmotes      Fire/Tloc      100%       2d18      2%          3
 Confusing Touch          Hex            14%        N/A       17%         3
 Airstrike                Air            6%         2d(1-17)  56%         4
 Dispel Undead            Necr           12%        3d9       56%         4


Dungeon Overview and Level Annotations

Branches:
Dungeon (11/15)            Temple (0/1) D:4            Lair (2/5) D:11
  Swamp: Lair:2-3    Shoals: Lair:2-3     Snake: Lair:2-3    Spider: Lair:2-3
    Orc: D:9-12

Altars:
Dithmenos
Makhleb
Ru
Sif Muna
Trog
Uskayaw
Xom
Zin
The Shining One
Lugonu

Shops:
D:3 *


Innate Abilities, Weirdness & Mutations

You cannot wear most types of armour.
You are amphibious.
You can wear up to eight rings at the same time.
Your skin changes colour to match your surroundings (Stealth+).
Your rubbery body absorbs attacks. (AC +1, EV +1)
((You are camouflaged when in or above water. (Stealth+)))
You have tentacles for arms and can constrict up to eight enemies at once.


Message History

The vampire mosquito completely misses you.
The water moccasin bites the plant.
The plant begins to die.
The vampire mosquito attacks as you move away!
The vampire mosquito closely misses you.
The vampire mosquito barely misses you. The swamp drake breathes poison at you.
The noxious blast engulfs you but does no damage.
You are poisoned.
The vampire mosquito barely misses you.
You are engulfed in noxious fumes.
You choke on the stench!
You are more confused.
You feel sick.
The vampire mosquito barely misses you. x2
The swamp drake misses you. The vampire mosquito misses you.
You are engulfed in noxious fumes.
You feel sick.
The vampire mosquito completely misses you.
The vampire mosquito misses you. x2
You are too confused!
You feel better.
A nearby plant withers and dies.
The vampire mosquito bites you!
* * * LOW HITPOINT WARNING * * *
The vampire mosquito draws strength from your injuries!
You block the vampire mosquito's attack.
The water moccasin bites you!
* * * LOW HITPOINT WARNING * * *
You block the vampire mosquito's attack.
The vampire mosquito bites you.
* * * LOW HITPOINT WARNING * * *
The vampire mosquito draws strength from your injuries!
You feel much better. The water moccasin barely misses you.
The vampire mosquito closely misses you.
The vampire mosquito bites you.
The vampire mosquito draws strength from your injuries!
The water moccasin bites you!
* * * LOW HITPOINT WARNING * * *
You are poisoned.
The water moccasin poisons you! The vampire mosquito bites you!
* * * LOW HITPOINT WARNING * * *
The vampire mosquito draws strength from your injuries!
You feel better. The vampire mosquito bites you!
You die...

#..........≈≈≈≈Y~≈≈~
#.... #....~~≈≈≈≈≈≈~
##...## #.)~≈≈~..≈~
#.....# ###...≈~...P.
#.....###....#..#..#P
#...................
##.....>..k..........
#P.......yyS.........
##....#PP.@.####..###
#....######## ###
##...#..#P.#.
##...........
#............
##...........
#...#####.## #...#.##
### #
##...P..####..#.#.


You could see a swamp drake, a water moccasin and 2 vampire mosquitoes.

Vanquished Creatures
  An ugly thing (D:7)
  A cyclops (D:6)
  2 black mambas (Lair:1)
  4 cane toads (Lair:1)
  3 komodo dragons
  An unseen horror (D:9)
  The ghost of Sku the Sneak, a novice OpVM (D:5)
  2 trolls
  A polar bear (Lair:1)
  2 hornets
  4 blink frogs (Lair:1)
  A shadow (D:11)
  A ynoxinul (D:8)
  20 yaks
  A spriggan (Lair:1)
  2 wyverns
  A basilisk (Lair:1)
  A steam dragon (D:9)
  Grum (D:8)
  An acid dragon (D:9)
  6 water moccasins
  An orc warrior (D:8)
  2 black bears
  A sky beast (D:7)
  12 wolves
  3 ogres
  4 centaurs
  2 small abominations (D:7)
  3 phantoms
  4 kobold brigands
  6 bullfrogs
  Blork the orc (D:4)
  2 scorpions (D:6)
  2 gnoll sergeants
  3 wights (D:9)
  3 killer bees (D:5)
  3 howler monkeys
  A hound (D:4)
  An orc priest (D:5)
  3 jellies
  A sleepcap (D:6)
  4 iguanas
  4 orc wizards
  10 gnolls
  11 adders
  A shadow imp (D:5)
  A white imp (D:6)
  An ufetubus (D:6)
  5 worms
  7 dart slugs
  23 orcs
  10 ball pythons
  An endoplasm (D:1)
  6 goblins
  16 hobgoblins
  8 jackals
  22 kobolds
  4 quokkas
  2 bats (D:1)
  A frilled lizard (D:1)
  5 rats
257 creatures vanquished.

Vanquished Creatures (collateral kills)
  3 foxfires
3 creatures vanquished.

Vanquished Creatures (others)
  2 bushes (Lair:1)
  881 foxfires
  9 fungi
  17 plants
909 creatures vanquished.

Grand Total: 1169 creatures vanquished

Notes
Turn   | Place    | Note
-------+----------+-------------------------------------------
     0 | D:1      | dluga93 the Octopode Fire Elementalist began the quest for
                  | the Orb.
     0 | D:1      | Reached XP level 1. HP: 11/11 MP: 3/3
   153 | D:1      | Reached XP level 2. HP: 17/17 MP: 1/5
   210 | D:1      | Learned a level 2 spell: Scorch
   716 | D:1      | Reached XP level 3. HP: 12/21 MP: 6/6
  1274 | D:2      | Reached XP level 4. HP: 27/27 MP: 5/8
  1555 | D:2      | Found a faded altar of an unknown god.
  1918 | D:3      | Reached XP level 5. HP: 31/31 MP: 3/10
  2221 | D:3      | Found a faded altar of an unknown god.
  2434 | D:3      | Found Kaumpoaq's General Store.
  2822 | D:3      | Found a glowing golden altar of the Shining One.
  2866 | D:3      | Found a shadowy altar of Dithmenos.
  3005 | D:4      | Noticed Blork the orc
  3015 | D:4      | Killed Blork the orc
  3028 | D:4      | Reached skill level 1 in Short Blades
  3028 | D:4      | Reached XP level 6. HP: 35/37 MP: 0/11
  3594 | D:4      | Found a staircase to the Ecumenical Temple.
  4077 | D:5      | Entered Level 5 of the Dungeon
  4200 | D:5      | Reached XP level 7. HP: 42/42 MP: 8/13
  4213 | D:5      | Reached skill level 5 in Fire Magic
  4320 | D:5      | Found a runed translucent door.
  4480 | D:5      | Noticed Sku's ghost (novice OpVM)
  4655 | D:5      | Reached skill level 1 in Fighting
  5256 | D:6      | Noticed a cyclops
  5277 | D:6      | Learned a level 3 spell: Inner Flame
  5314 | D:6      | Reached XP level 8. HP: 48/48 MP: 11/15
  5401 | D:6      | Reached skill level 5 in Spellcasting
  5511 | D:6      | Killed a cyclops
  5741 | D:6      | Noticed a yak
  5742 | D:6      | Noticed a yak
  5743 | D:6      | Noticed a yak
  5744 | D:6      | Noticed a yak
  5920 | D:6      | Noticed a yak
  5930 | D:6      | Killed a yak
  5930 | D:6      | Killed a yak
  5931 | D:6      | Reached skill level 5 in Conjurations
  5931 | D:6      | Reached XP level 9. HP: 53/53 MP: 10/18
  6924 | D:7      | Found a hide-covered altar of Uskayaw.
  6928 | D:7      | Found a glowing silver altar of Zin.
  7232 | D:7      | Found a corrupted altar of Lugonu.
  7232 | D:7      | Noticed a cyan ugly thing
  7233 | D:7      | Noticed a red ugly thing
  7233 | D:7      | Noticed an ancient zyme
  7234 | D:7      | Noticed a purple ugly thing
  7234 | D:7      | Noticed a cyan ugly thing
  7357 | D:7      | Found a transporter.
  7359 | D:7      | Found a transporter.
  7570 | D:8      | Reached XP level 10. HP: 59/59 MP: 13/21
  7852 | D:5      | Killed Sku's ghost
  8246 | D:8      | Noticed Grum
  8326 | D:8      | Reached skill level 5 in Stealth
  8370 | D:8      | Killed Grum
  8430 | D:8      | Found a sacrificial altar of Ru.
  8430 | D:8      | Found a burning altar of Makhleb.
  8431 | D:8      | Found a shimmering altar of Xom.
  8531 | D:8      | Reached skill level 1 in Shields
  8692 | D:8      | Found a bloodstained altar of Trog.
  8725 | D:8      | Found a shimmering blue altar of Sif Muna.
  8729 | D:8      | Got Sif Muna's Information on Austromancy
  9458 | D:9      | Killed an unseen horror
  9880 | D:9      | Reached XP level 11. HP: 64/64 MP: 20/24
  9925 | D:9      | Learned a level 7 spell: Enfeeble
  9930 | D:9      | Learned a level 4 spell: Anguish
 10162 | D:7      | Killed a red ugly thing
 10511 | D:10     | Entered Level 10 of the Dungeon
 10572 | D:10     | Reached skill level 10 in Spellcasting
 10886 | D:10     | You fall into a shaft and drop 1 floor!
 10893 | D:11     | Noticed a two-headed ogre
 10903 | D:11     | Noticed a cyclops
 10957 | D:11     | Found a staircase to the Lair.
 11044 | D:11     | Identified 2 scrolls of acquirement
 11044 | D:11     | Acquired the +2 buckler "Dutull" {Int+3}
 11055 | D:11     | Acquired an amulet of regeneration
 11059 | Lair:1   | Entered Level 1 of the Lair of Beasts
 11715 | Lair:1   | Reached skill level 10 in Fire Magic
 13012 | Lair:1   | Reached XP level 12. HP: 72/72 MP: 19/26
 13156 | Lair:1   | Reached skill level 5 in Dodging
 13629 | Lair:2   | Identified the +8 war axe of Qisa {heavy, Int+5}
 13630 | Lair:2   | Noticed a death yak
 13630 | Lair:2   | Noticed a death yak
 13646 | Lair:2   | HP: 3/72 [vampire mosquito (4)]
 13648 | Lair:2   | Slain by a vampire mosquito

Illustrated notes

Levels and vault maps discovered:
D:1:      wander_arrival_desolate, layout_basic
D:2:      layout_loops_ring, hellmonk_ecumenical_altar_dog_temple,
          minmay_misc_feat_more_columns
D:3:      layout_loops_ring, nicolae_tso_swordbearing_angel,
          nicolae_overflow_ecumenical_swirl, serial_shops, shop
D:4:      layout_loops_cross, minmay_temple_entry_statues_fountains,
          serial_park_tiny_2, sigmund_army, uniq_blork_the_orc
D:5:      nicolae_cairo_tiling, layout_gridville, ebering_ghost_sewer_d
D:6:      layout_gridville, nrook_uturn, minmay_misc_feat_pillars
D:7:      gammafunk_corrupted_shrine, layout_rooms, grunt_temple_overflow_open,
          kennysheep_cluttered_room
D:8:      layout_rooms, nzn_overflow_gifts_of_might_and_magic,
          chequers_temple_overflow_statue_of_worship, uniq_grum
D:9:      layout_loops_ring
D:10:     layout_cave_pools, hangedman_decor_push, minmay_statues_item,
          grunt_ministairs_5
D:11:     layout_stronghold, david_lair_shrubbed
Lair:1:   layout_roguey, grunt_forest_large_clearing_hut, lemuel_fruit_tree
Lair:2:   layout_long_grid, pond

Skill      XL: |  1  2  3  4  5  6  7  8  9 10 11 12 |
---------------+-------------------------------------+-----
Spellcasting   | 3 4 6 7 9 10 | 10.9
Conjurations   | 2 3 5 6 7 |  7.7
Fire Magic     | 4 5 6 8 9 10 | 10.8
Stealth        | 3 4 5 |  5.3
Short Blades   | 1 2 4 |  4.6
Fighting       | 1 2 3 |  3.3
Dodging        | 3 4 5 |  5.2
Shields        | 1 2 3 |  3.0
Unarmed Combat | |  0.1
Hexes          | |  0.4

Action                     |  1- 3 |  4- 6 |  7- 9 | 10-12 || total
---------------------------+-------+-------+-------+-------++-------
  Melee: Unarmed           |     7 |       |       |       ||     7
         Constrict         |     6 |    20 |     5 |    19 ||    50
         Tentacles         |     1 |    14 |     9 |    70 ||    94
         Dagger            |    11 |    52 |    17 |   157 ||   237
         Punch             |     1 |       |       |     6 ||     7
         Falchion          |       |     3 |       |       ||     3
         Short sword       |       |       |    22 |    99 ||   121
   Cast: Foxfire           |    38 |   103 |   159 |   222 ||   522
         Scorch            |     1 |     2 |    19 |    98 ||   120
         Inner Flame       |       |       |     1 |     4 ||     5
    Use: Scroll            |     3 |    10 |     1 |    13 ||    27
         Potion            |       |       |     1 |    11 ||    12
 Armour: Skin              |     5 |     3 |       |     8 ||    16
  Dodge: Dodged            |     6 |    54 |    51 |   272 ||   383
  Block: Buckler           |       |       |       |    87 ||    87
         Reflection        |       |       |       |     1 ||     1

Table legend: (Time is in decaauts)
 A = Elapsed time spent in this place.
 B = Non-inter-level travel time spent in this place.
 C = Inter-level travel time spent in this place.
 D = Time resting spent in this place.
 E = Time spent auto-exploring this place.
 F = Levels seen in this place.
 G = Mean time per level.
                   A        B        C        D        E       F      G
               +--------+--------+--------+--------+--------+-----+--------+
         Total |  13586 |  13054 |    532 |   4690 |   5467 |  13 | 1045.1 |
       Dungeon |  11046 |  10514 |    532 |   3311 |   5056 |  11 | 1004.2 |
          Lair |   2540 |   2540 |      0 |   1379 |    411 |   2 | 1270.0 |
               +--------+--------+--------+--------+--------+-----+--------+

Top non-repeatable levels by time:
  Lair:1: 2473 daAuts
     D:6: 1591 daAuts
     D:9: 1319 daAuts
     D:7: 1282 daAuts
     D:5: 1234 daAuts
     D:4: 1140 daAuts
     D:3: 1027 daAuts
     D:8: 1002 daAuts
     D:1: 960 daAuts
     D:2: 946 daAuts
    D:10: 369 daAuts
    D:11: 172 daAuts
  Lair:2: 67 daAuts
